AoeStats
← AxD | Cad Bane

MegaRandom

506298693Analyzed
3v3 RM · 19d ago on Sep 13, 2026· 22m 6s· 6 players
Game mode
Random Map
Map size
Normal (6 player)
Population
200
Speed
Normal
Resources
Standard
Victory
Conquest
Starting age
Dark Age
Ending age
Imperial Age
RankedLock teamsTeams togetherTeam positionsShared explorationLock speedFull tech treeHidden civsTurbo modeCheats
Victory
Defeat
🇨🇱 Wei · Chile
1677
+5
🇸🇻 Vietnamese · El Salvador
1641
+5
🇦🇷 Mongols · Argentina
1577
+7
🇦🇷 Gurjaras · Argentina
1381
-6
🇦🇷 Vietnamese · Argentina
1363
-6
🇦🇷 Wei · Argentina
1355
-5
AxD | Cad Bane
6:25 Loom
8:57 Feudal Age
9:37 Double-Bit Axe
14:18 Forging
19:34 Castle Age
18:27 Scale Barding Armor
18:32 Forging
18:38 Bloodlines
19:34 Forging
20:57 Horse Collar
22:19 Chain Barding Armor
AxD | Kurumi 002
6:24 Loom
8:55 Feudal Age
11:00 Town Watch
11:27 Double-Bit Axe
13:11 Fletching
23:27 Castle Age
Cronos
6:38 Loom
8:37 Feudal Age
14:04 Fletching
19:30 Double-Bit Axe
23:50 Castle Age
Franco Colapinto
6:30 Loom
9:39 Feudal Age
11:37 Forging
11:52 Scale Barding Armor
11:38 Town Watch
19:54 Wheelbarrow
19:43 Fletching
19:59 Double-Bit Axe
1976
7:12 Loom
10:25 Feudal Age
11:10 Double-Bit Axe
13:07 Horse Collar
✪ Lato
11:07 Feudal Age
11:36 Loom
11:40 Double-Bit Axe
11:40 Horse Collar
14:28 Scale Mail Armor
14:38 Forging
17:26 Castle Age
18:51 Bow Saw
20:16 Heavy Plow
Connection lost

Rejoining the realm…

Still unreachable

The connection could not be restored.

Session expired

The server has moved on; the page needs a fresh start.